[Event "Team 45 45 League T37"]
[Site "Internet Chess Club"]
[Date "2008.06.29"]
[Round "10"]
[White "PandorasBox"]
[Black "Silenita"]
[Result "1/2-1/2"]
[WhiteElo "2107"]
[BlackElo "1876"]
[Opening "Queen's pawn game"]
[ECO "A46"]
[Time "15:45:04"]
[TimeControl "2700+45"]

1. d4 Nf6 2. Nf3 e6 3. Bf4 c5 4. e3 Nc6 5. Nc3 a6 6. d5 exd5 7. Nxd5 Nxd5 8.
Qxd5 Nb4 9. Qb3 d5 10. c3 Nc6 11. Be2 c4 12. Qc2 Bd6 13. Bxd6 Qxd6 14. Rd1 Qc5
15. O-O h6 16. Nd4 Ne7 17. e4 O-O 18. Bf3 dxe4 19. Qxe4 Ng6 20. Rfe1 Rb8 21. Qd5
Qxd5 22. Bxd5 b5 23. g3 Bb7 24. Bxb7 Rxb7 25. Nf5 Rfb8 26. a3 a5 27. Rd5 {Game
drawn by mutual agreement} 1/2-1/2

[Event "Team 45 45 League T37"]
[Site "Internet Chess Club"]
[Date "2008.06.29"]
[Round "10"]
[White "andrew28"]
[Black "pishd"]
[Result "0-1"]
[WhiteElo "1765"]
[BlackElo "1861"]
[Opening "Caro-Kann: Panov-Botvinnik attack"]
[ECO "B13"]
[Time "11:01:25"]
[TimeControl "2700+45"]

1. e4 c6 2. d4 d5 3. exd5 cxd5 4. c4 Nf6 5. Nc3 Nc6 6. Bf4 e6 7. Nf3 Be7 8. c5
O-O 9. Bd3 Bd7 10. h4 b6 11. cxb6 Qxb6 12. O-O Nb4 13. Bb1 Bb5 14. Re1 Qa6 15.
Ne5 Rac8 16. a3 Nc6 17. Ng4 Qb6 18. Qc2 g6 19. Nh6+ Kg7 20. Qd2 Bc4 21. Be5 Nxe5
22. dxe5 Ng8 23. Ng4 Bxh4 24. Bc2 Bb3 25. Bd3 Bc4 26. Bc2 Bb3 27. Bb1 Be7 28.
Ne2 Rc7 29. Nd4 Rfc8 30. Bd3 Bc4 31. Bxc4 Rxc4 32. Rad1 Bc5 33. Nf5+ exf5 34.
Nf6 Rd4 35. Qg5 Nxf6 36. exf6+ Qxf6 37. Qc1 Rxd1 38. Qxd1 Qxb2 39. Re2 Qb5 40.
Rc2 Rb8 41. Qd2 Bb6 42. Rb2 Qc4 43. Rb4 Qc5 44. Qb2+ d4 45. Qe2 Qc1+ 46. Kh2
Bc7+ 47. g3 Rxb4 48. axb4 Qc3 49. Qe7 d3 50. Qe3 Be5 51. Qxa7 d2 52. Qd7 Qd4
{White resigns} 0-1

[Event "Team 45 45 League T37"]
[Site "Internet Chess Club"]
[Date "2008.06.27"]
[Round "10"]
[White "Bill-W"]
[Black "jjmolina"]
[Result "1-0"]
[WhiteElo "1694"]
[BlackElo "1636"]
[Opening "Giuoco Piano"]
[ECO "C44"]
[Time "14:58:20"]
[TimeControl "2700+45"]

1. e4 e5 2. Nf3 Nc6 3. d4 exd4 4. Bc4 Bc5 5. c3 Nf6 6. cxd4 Bb4+ 7. Bd2 Bxd2+ 8.
Nbxd2 d5 9. exd5 Nxd5 10. Qb3 Nce7 11. O-O c6 12. Rfe1 O-O 13. Ne4 b6 14. Ne5
Bb7 15. a4 Qc7 16. Rac1 Rac8 17. Nc3 Qd6 18. a5 b5 19. Nxd5 Nxd5 20. Bxd5 Qxd5
21. Qxd5 cxd5 22. Kf1 Rfe8 23. Nd3 Rxe1+ 24. Kxe1 Rxc1+ 25. Nxc1 Kf8 26. Kd2 Ke7
27. Kc3 a6 28. Kb4 Kd6 29. Nd3 f6 30. Nc5 Bc8 31. Kc3 Ke7 32. Kd3 Kf7 33. Ke3
Ke7 34. Nd3 g6 35. Kf4 Bf5 36. Nb4 Bc8 37. Nxd5+ Ke6 38. Nb4 Bb7 39. g3 h5 40.
Ke3 Kd6 41. Nd3 g5 42. Nc5 Bc8 43. h4 Kd5 44. Ne4 gxh4 45. gxh4 Kc4 46. Nd6+ Kb3
47. Nxc8 Kxb2 48. d5 b4 49. d6 b3 50. d7 Ka1 51. d8=Q b2 52. Qd1+ b1=Q 53. Qxb1+
Kxb1 54. Kf4 Kb2 55. Kf5 Kb3 56. Kxf6 Kb4 57. Kg5 Kxa5 58. f4 Kb4 59. f5 a5 60.
f6 a4 61. f7 a3 62. f8=Q+ {Black resigns} 1-0

[Event "Team 45 45 League T37"]
[Site "Internet Chess Club"]
[Date "2008.06.27"]
[Round "10"]
[White "XelNaga"]
[Black "therealwizard"]
[Result "1-0"]
[WhiteElo "2358"]
[BlackElo "2172"]
[Opening "QGD Slav: Krause attack"]
[ECO "D17"]
[Time "14:01:22"]
[TimeControl "2700+45"]

1. d4 d5 2. c4 c6 3. Nf3 Nf6 4. Nc3 dxc4 5. a4 Bf5 6. Ne5 Nbd7 7. Nxc4 Nb6 8.
Ne5 e6 9. f3 Bb4 10. e4 Bg6 11. Be3 a5 12. Be2 O-O 13. O-O Qe7 14. Na2 Nfd7 15.
Nxg6 hxg6 16. Nxb4 Qxb4 17. Qc2 Rfc8 18. Rfc1 Rc7 19. Ra3 Rac8 20. Rb3 Qd6 21.
Rc3 Re8 22. Qb3 Rcc8 23. Rd3 Kh7 24. f4 f5 25. e5 Qb4 26. Qd1 Nd5 27. Rb3 Qe7
28. Bd2 b6 29. Ba6 Rcd8 30. Rh3+ Kg8 31. Qb3 c5 32. Bc4 cxd4 33. Bxd5 exd5 34.
Rc6 Qf7 35. Qg3 Nc5 36. Qh4 Kf8 37. Rxb6 Rb8 38. Bxa5 Rxb6 39. Bxb6 Nxa4 40.
Bxd4 Qe6 41. Qe1 Kg8 42. Ra3 Qc6 43. h3 Nb6 44. Ra6 Qc4 45. Rxb6 Qxd4+ 46. Qf2
Qd1+ 47. Kh2 Kh7 48. Qg3 Qh5 49. Rd6 Rb8 50. b3 Rb4 51. Rxd5 Qh6 52. e6 Re4 53.
Re5 Rxe5 54. fxe5 g5 55. b4 Qxe6 56. b5 Kg8 57. Qe3 f4 58. Qd4 g4 59. hxg4 Qxg4
60. Qc4+ Kf8 61. Qc3 Qh5+ 62. Kg1 Qd1+ 63. Kf2 Qd5 64. b6 Ke8 65. Qc8+ Kf7 66.
Qf5+ Kg8 67. Qc8+ Kf7 68. Qc7+ Ke6 69. Qd6+ Qxd6 70. exd6 Kxd6 71. Kf3 {Black
resigns} 1-0

[Event "Team 45 45 League T37"]
[Site "Internet Chess Club"]
[Date "2008.06.28"]
[Round "10"]
[White "Fezzik"]
[Black "JoshuaFranzj"]
[Result "0-1"]
[WhiteElo "1982"]
[BlackElo "1920"]
[Opening "Grünfeld: 4.Bf4"]
[ECO "D82"]
[Time "17:06:08"]
[TimeControl "2700+45"]

1. d4 Nf6 2. c4 g6 3. Nc3 d5 4. Bf4 Bg7 5. e3 c5 6. dxc5 Qa5 7. Rc1 dxc4 8. Bxc4
O-O 9. Ne2 Qxc5 10. Qb3 Nc6 11. Nb5 Qb4+ 12. Qxb4 Nxb4 13. Nc7 Rb8 14. Nd5 Nfxd5
15. Bxb8 Bxb2 16. Rb1 Bf5 17. Rxb2 Rxb8 18. Nd4 Rc8 19. Bxd5 Nd3+ 20. Kd2 Nxb2
21. e4 Bd7 22. Rb1 Nc4+ 23. Ke2 b6 24. Rc1 Nd6 25. Rxc8+ Nxc8 26. e5 e6 27. Bc6
Bxc6 28. Nxc6 a5 29. Kd3 Kf8 30. Kc4 Ke8 31. Kb5 Kd7 32. Nd4 Kc7 33. Nf3 Na7+
34. Kc4 h6 35. Nd2 Nc6 36. f4 g5 37. g3 gxf4 38. gxf4 Nb4 39. a4 Nd5 40. Ne4
Nxf4 41. Nd6 f5 42. Kb5 Nd3 43. Nc4 f4 44. Nxb6 Nxe5 {White resigns} 0-1

[Event "Team 45 45 League T37"]
[Site "Internet Chess Club"]
[Date "2008.06.28"]
[Round "10"]
[White "proudchess"]
[Black "Knight77"]
[Result "1/2-1/2"]
[WhiteElo "1873"]
[BlackElo "1875"]
[Opening "Sicilian: dragon, Yugoslav attack, Rauser variation"]
[ECO "B72"]
[Time "00:30:51"]
[TimeControl "2700+45"]

1. e4 c5 2. Nf3 d6 3. d4 cxd4 4. Nxd4 Nf6 5. Nc3 g6 6. Be3 Bg7 7. Qd2 O-O 8.
O-O-O Nc6 9. f3 Bd7 10. Kb1 Rc8 11. g4 Ne5 12. h4 h5 13. gxh5 Nxh5 14. Rg1 Nc4
15. Bxc4 Rxc4 16. Qd3 Qc8 17. Nd5 Re8 18. c3 e6 19. Nb4 d5 20. Nbc2 Qc7 21. exd5
exd5 22. Rde1 Qh2 23. Rh1 Qg3 24. Qe2 Nf4 25. Qd2 Ne6 26. Reg1 Qd6 27. h5 Nxd4
28. Bxd4 Bf5 29. Bxg7 Kxg7 30. Ka1 Qf4 31. Qf2 Rce4 32. Nd4 R4e5 33. Rh4 Qg5 34.
Nxf5+ Qxf5 35. hxg6 fxg6 36. Rhh1 Re3 37. a3 a5 38. Qh2 Kf6 39. Qh4+ g5 40. Qd4+
Kf7 41. Qb6 Rxf3 42. Qxb7+ Kg8 43. Qc6 Rf8 44. Qd6 g4 45. Qh2 Rf4 46. Rd1 Rf2
47. Qh8+ Kf7 48. Rh7+ Ke8 49. Re1+ Kd8 50. Qg7 Rf7 51. Rh8+ Kd7 52. Qd4 Rxb2 53.
Qa7+ Kc6 54. Qa6+ Rb6 55. Rc8+ Rc7 56. Qa8+ Kd6 57. Rd8+ Rd7 58. Qxa5 Rb7 59.
Rde8 Rh7 60. R8e6+ Qxe6 61. Rxe6+ Kxe6 62. Qa6+ Ke5 63. Qe2+ Kf5 64. Qf2+ Ke6
65. Qe2+ Kd6 66. Qxg4 Rh1+ 67. Ka2 Rh2+ 68. Ka1 {Game drawn by mutual agreement}
1/2-1/2

[Event "Team 45 45 League T37"]
[Site "Internet Chess Club"]
[Date "2008.06.29"]
[Round "10"]
[White "FiendAngelical"]
[Black "touchthis"]
[Result "1-0"]
[WhiteElo "2014"]
[BlackElo "1795"]
[Opening "French: Steinitz, Boleslavsky variation"]
[ECO "C11"]
[Time "23:30:34"]
[TimeControl "2700+45"]

1. e4 e6 2. d4 d5 3. Nc3 Nf6 4. e5 Nfd7 5. f4 c5 6. Nf3 Nc6 7. Be3 a6 8. Qd2 b5
9. h4 b4 10. Ne2 c4 11. Ng3 Qa5 12. c3 bxc3 13. bxc3 Rb8 14. f5 Ba3 15. Be2 Bb2
16. O-O Bxc3 17. Qc1 Bxa1 18. Qxa1 O-O 19. Rb1 Rxb1+ 20. Qxb1 Qb6 21. Qc2 Nb4
22. Qb1 Nc6 23. Qc2 Nb4 24. Qb1 a5 25. h5 exf5 26. Nxf5 g6 27. Nd6 Nxe5 28. Nxc8
Nxf3+ 29. Bxf3 Qc7 30. Nb6 Qxb6 31. a3 Qe6 32. Bh6 Rb8 33. axb4 axb4 34. Bf4 Rb6
35. Qa1 Ra6 36. Qb1 b3 37. hxg6 Qxg6 38. Qe1 Re6 39. Qa1 Ra6 40. Qe1 Kf8 41.
Qb4+ Kg7 42. Be5+ Kh6 43. Qd2+ Qg5 44. Bf4 Ra1+ 45. Kh2 Qxf4+ 46. Qxf4+ Kg7 47.
Bxd5 Ra7 48. Bxc4 b2 49. Qg3+ Kf6 50. Qf2+ {Black resigns} 1-0

[Event "Team 45 45 League T37"]
[Site "Internet Chess Club"]
[Date "2008.06.26"]
[Round "10"]
[White "Kingofknights"]
[Black "jacknor"]
[Result "0-1"]
[WhiteElo "1739"]
[BlackElo "1649"]
[Opening "Nimzo-Indian: Sämisch variation"]
[ECO "E29"]
[Time "19:00:12"]
[TimeControl "2700+45"]

1. d4 Nf6 2. c4 e6 3. Nc3 Bb4 4. e3 c5 5. a3 Bxc3+ 6. bxc3 O-O 7. Bd3 b6 8. Qf3
d5 9. cxd5 Bb7 10. e4 exd5 11. e5 Ne4 12. Ne2 c4 13. Bc2 f6 14. Bxe4 dxe4 15.
Qf5 fxe5 16. Qe6+ Kh8 17. Qxe5 Qf6 18. Qxf6 Rxf6 19. O-O Nc6 20. Be3 Ne7 21.
Rab1 Raf8 22. Bg5 R6f7 23. Rb4 Nd5 24. Rxc4 h6 25. Bc1 e3 26. f3 Ba6 27. Rc6
Bxe2 28. Re1 Bb5 29. Rd6 Rd7 30. Rxd7 Bxd7 31. c4 Nc7 32. Bxe3 Re8 33. Kf2 Ne6
34. Rd1 Rc8 35. c5 bxc5 36. dxc5 Ba4 37. Rc1 Bc6 38. Rc4 Nc7 39. Rg4 Ne6 40. Rg6
Nf8 41. Rd6 Bb5 42. Bd4 Kh7 43. Rd5 a6 44. Re5 Re8 45. Rf5 Ne6 46. Be3 Rf8 47.
Rd5 Nf4 48. Rd6 Nd3+ 49. Kg3 Rf6 50. f4 Rxd6 51. cxd6 Bd7 52. Kf3 Ne1+ 53. Kf2
Nc2 54. Bc5 Na1 55. Ke3 Nb3 56. Bb6 Kg6 57. Ke4 Kf6 58. g3 a5 59. Kd3 a4 60. h4
Ke6 61. Bc7 Kf5 62. Ke3 Kg4 63. Kf2 Nc5 64. Bb6 Ne4+ 65. Kg2 Nxd6 66. Bc5 Bc6+
67. Kh2 Ne4 68. Bf8 Nxg3 69. Bxg7 Nf5 70. Bf8 Kxh4 71. Bb4 h5 72. Bc3 Kg4 73.
Be5 Ne3 74. Bd6 Nc4 75. Bf8 Kxf4 76. Kh3 Bf3 77. Be7 Ke3 78. Kg3 Bg4 79. Bb4 Kd3
80. Kf4 Kc2 81. Ke4 Kb3 82. Kf4 Nxa3 83. Be7 Nc2 84. Kg5 a3 85. Bxa3 Nxa3 86.
Kf4 Kc3 87. Kg3 Kd3 88. Kf4 Nc4 89. Kg3 Ne3 90. Kh2 h4 91. Kg1 Ke4 92. Kh2 Kf3
93. Kg1 h3 94. Kh2 Nf5 95. Kg1 Kg3 96. Kh1 Bf3+ 97. Kg1 h2+ 98. Kf1 h1=Q# {White
checkmated} 0-1

[Event "Team 45 45 League T37"]
[Site "Internet Chess Club"]
[Date "2008.06.29"]
[Round "10"]
[White "badmove"]
[Black "tryanything"]
[Result "1/2-1/2"]
[WhiteElo "1628"]
[BlackElo "1677"]
[Opening "Four knights game"]
[ECO "C47"]
[Time "17:30:09"]
[TimeControl "2700+45"]

1. e4 e5 2. Nf3 Nc6 3. Nc3 Nf6 4. g3 d5 5. exd5 Nxd5 6. Bg2 Bg4 7. d3 Bb4 8. Bd2
O-O 9. O-O Nd4 10. a3 Nxc3 11. bxc3 Nxf3+ 12. Bxf3 Bxf3 13. Qxf3 Bd6 14. Qxb7
Qe7 15. Qf3 Bxa3 16. Ra2 Bc5 17. Be3 a5 18. Qc6 Bxe3 19. fxe3 Ra7 20. Rfa1 Rfa8
21. Ra4 Qd6 22. Qxd6 cxd6 23. e4 f6 24. c4 Kf7 25. Kf2 Ke7 26. c3 Kd7 27. Ke2 g6
28. Rb1 Kc7 29. Kd2 Rb7 30. Rxb7+ Kxb7 31. Kc2 Kc6 32. d4 f5 33. exf5 gxf5 34.
dxe5 dxe5 35. Kd3 h5 36. Ke3 Kc5 37. h3 Kd6 38. Kd3 Kc5 39. Ke3 Kb6 40. g4 fxg4
41. hxg4 h4 42. g5 h3 43. c5+ Kxc5 44. Rh4 a4 45. Rxh3 a3 46. Rh1 a2 47. Ra1 Kc4
48. Ke4 Kxc3 49. Kxe5 Kb2 50. Rxa2+ Kxa2 51. Kf6 Kb3 52. g6 Kc4 53. g7 Kd5 54.
Kf7 Ra7+ 55. Kg6 Ra6+ 56. Kh7 Ra7 57. Kh8 Rxg7 58. Kxg7 {Game drawn because
neither player has mating material} 1/2-1/2

[Event "Team 45 45 League T37"]
[Site "Internet Chess Club"]
[Date "2008.06.28"]
[Round "10"]
[White "klutzer"]
[Black "quotha"]
[Result "0-1"]
[WhiteElo "1615"]
[BlackElo "1623"]
[Opening "Levitsky attack (Queen's bishop attack)"]
[ECO "D00"]
[Time "09:05:47"]
[TimeControl "2700+45"]

1. d4 d5 2. Bg5 h6 3. Bh4 Nc6 4. e3 Nf6 5. Bxf6 gxf6 6. c4 Rg8 7. Nd2 Bf5 8. a3
e5 9. Ndf3 e4 10. Nh4 Bg4 11. f3 f5 12. cxd5 exf3 13. Ngxf3 Qxd5 14. h3 Bh5 15.
Qc2 f4 16. e4 Nxd4 17. Nxd4 Qxd4 18. Rd1 Bxd1 {White resigns} 0-1

[Event "Team 45 45 League T37"]
[Site "Internet Chess Club"]
[Date "2008.06.30"]
[Round "10"]
[White "iwulu"]
[Black "pestka"]
[Result "1/2-1/2"]
[WhiteElo "2363"]
[BlackElo "2220"]
[Opening "Réti opening"]
[ECO "A30"]
[Time "08:02:48"]
[TimeControl "2700+45"]

1. Nf3 c5 2. c4 Nf6 3. g3 b6 4. Bg2 Bb7 5. O-O e6 6. b3 Be7 7. Bb2 O-O 8. Nc3 d5
9. e3 Nc6 10. cxd5 Nxd5 11. Nxd5 Qxd5 12. d4 Qh5 13. Ne5 Qxd1 14. Rfxd1 Nxe5 15.
Bxb7 Rab8 16. Bg2 cxd4 17. exd4 Ng4 18. d5 exd5 19. Rxd5 Rfd8 20. Rad1 Rxd5 21.
Rxd5 Rd8 22. Rxd8+ Bxd8 23. h3 Bf6 24. Ba3 Ne5 25. Be4 Nd7 26. Kf1 Bd4 27. Bd6
Nc5 28. Bc2 a5 29. Ke2 f6 30. f3 Kf7 31. Bd3 Be5 32. Bc4+ Kg6 33. Be7 Nb7 34. f4
Bd6 35. Bd3+ Kf7 36. Bxd6 Nxd6 37. Ke3 h6 38. f5 Ne8 39. Kd4 Nc7 40. Ke3 Ke7 41.
Kf4 Kd6 42. Kg4 Nd5 43. Kh5 Ne7 44. g4 Ke5 45. Bc4 Kf4 46. a4 Kg3 47. h4 Kf4 48.
Be6 {Game drawn by mutual agreement} 1/2-1/2

[Event "Team 45 45 League T37"]
[Site "Internet Chess Club"]
[Date "2008.06.28"]
[Round "10"]
[White "killer21"]
[Black "searchforbobby1"]
[Result "1-0"]
[WhiteElo "2263"]
[BlackElo "2118"]
[Opening "English opening"]
[ECO "A10"]
[Time "14:07:56"]
[TimeControl "2700+45"]

1. c4 g5 2. d4 h6 3. Nc3 Bg7 4. e4 c5 5. Nge2 Nc6 6. Be3 cxd4 7. Nxd4 d6 8. Be2
Be5 9. O-O Nf6 10. Nd5 Bd7 11. Nf3 Nxe4 12. Nxe5 Nxe5 13. Rc1 e6 14. f3 exd5 15.
fxe4 dxe4 16. c5 O-O 17. Qxd6 Ng6 18. Rf6 Kh7 19. Bh5 Be8 20. Bxg6+ fxg6 21.
Qxf8 {Black resigns} 1-0

[Event "Team 45 45 League T37"]
[Site "Internet Chess Club"]
[Date "2008.06.28"]
[Round "10"]
[White "Burning-Bush"]
[Black "gezira"]
[Result "0-1"]
[WhiteElo "2084"]
[BlackElo "2231"]
[Opening "Réti: King's Indian attack"]
[ECO "A08"]
[Time "16:01:30"]
[TimeControl "2700+45"]

1. Nf3 d5 2. g3 c5 3. Bg2 Nf6 4. O-O g6 5. d3 Bg7 6. Nbd2 Nc6 7. e4 dxe4 8. dxe4
O-O 9. Qe2 e5 10. c3 b6 11. Rd1 Qc7 12. a4 Rd8 13. b3 Be6 14. Ng5 Bg4 15. f3 Bc8
16. Nc4 Ba6 17. Ba3 Na5 18. Qa2 Nxc4 19. bxc4 Rxd1+ 20. Rxd1 Rd8 21. Rxd8+ Qxd8
22. Bf1 Qd1 23. a5 h6 24. axb6 axb6 25. Nh3 Qxf3 26. Bxc5 bxc5 27. Qxa6 Nxe4 28.
Qa5 Qe3+ 29. Kg2 Nxc3 30. Nf2 e4 31. Qd8+ Kh7 32. Qd7 Qf3+ 33. Kg1 Bd4 {White
resigns} 0-1

[Event "Team 45 45 League T37"]
[Site "Internet Chess Club"]
[Date "2008.06.29"]
[Round "10"]
[White "andreip"]
[Black "keisher415"]
[Result "1/2-1/2"]
[WhiteElo "2069"]
[BlackElo "2024"]
[Opening "Benkö gambit half accepted"]
[ECO "A57"]
[Time "12:56:51"]
[TimeControl "2700+45"]

1. d4 Nf6 2. c4 c5 3. d5 b5 4. cxb5 a6 5. e3 g6 6. Nc3 Bg7 7. Nf3 O-O 8. Qb3 Bb7
9. bxa6 Bxa6 10. Bxa6 Nxa6 11. O-O Qa5 12. Qc4 Rfb8 13. e4 Ng4 14. a3 d6 15. h3
Ne5 16. Nxe5 Bxe5 17. Ra2 Nc7 18. Bd2 Qa6 19. Qxa6 Rxa6 20. Nd1 Ra4 21. f3 Bd4+
22. Kh2 Rb3 23. Nc3 Rc4 24. Kg3 f5 25. Re1 fxe4 26. Rxe4 Kf7 27. Be3 Be5+ 28.
Kf2 Rxe4 29. fxe4 Bxc3 30. bxc3 Nb5 31. Bd2 Nxa3 32. Ke3 e6 33. g3 Kf6 34. dxe6
Nc4+ 35. Kd3 Nxd2 36. Kxd2 Kxe6 37. g4 g5 38. Ra7 Rb2+ 39. Ke3 Rg2 40. Rxh7 Rg3+
41. Kd2 Ke5 42. Rh5 Kxe4 43. Rxg5 Rxh3 44. c4 Kd4 45. Rd5+ Kxc4 46. Rxd6 Rg3 47.
Rg6 Kd4 48. Rd6+ Ke5 49. Rg6 c4 50. g5 Kd4 51. Rd6+ Kc5 52. Rg6 Kd5 53. Rg7 Kd4
54. Rd7+ Ke5 55. Re7+ Kd4 56. Rd7+ Ke5 57. Re7+ Kf5 58. Rf7+ Kg6 59. Rc7 Kxg5
60. Rg7+ Kf4 61. Rxg3 Kxg3 62. Kc3 Kf4 63. Kxc4 {Game drawn because neither
player has mating material} 1/2-1/2

[Event "Team 45 45 League T37"]
[Site "Internet Chess Club"]
[Date "2008.06.28"]
[Round "10"]
[White "Emrebey"]
[Black "SoaringEagle"]
[Result "1-0"]
[WhiteElo "1706"]
[BlackElo "1485"]
[Opening "QGD semi-Slav"]
[ECO "D43"]
[Time "08:56:21"]
[TimeControl "2700+45"]

1. Nf3 d5 2. d4 Nf6 3. c4 c6 4. Nc3 e6 5. Bg5 Be7 6. e3 a6 7. Qc2 Nfd7 8. Bxe7
Qxe7 9. a4 a5 10. Bd3 h6 11. cxd5 exd5 12. Nxd5 cxd5 13. Qxc8+ Qd8 14. Qxb7 Na6
15. Bxa6 Rb8 16. Qxd5 O-O 17. Bb5 Nf6 18. Qxd8 Rfxd8 19. Ne5 Rbc8 20. O-O Rc2
21. Bc4 Rxb2 22. Nxf7 Rdb8 23. Nxh6+ Kh7 24. Nf7 R8b4 25. Ne5 Ne4 26. Nd3 {Black
resigns} 1-0

[Event "Team 45 45 League T37"]
[Site "Internet Chess Club"]
[Date "2008.07.01"]
[Round "10"]
[White "ollo"]
[Black "Tomate"]
[Result "1-0"]
[WhiteElo "1722"]
[BlackElo "1418"]
[Opening "English opening"]
[ECO "A05"]
[Time "19:28:20"]
[TimeControl "2700+45"]

1. Nf3 Nf6 2. c4 g6 3. b4 Bg7 4. Bb2 d6 5. g3 O-O 6. Bg2 Nc6 7. b5 Nb8 8. O-O
Nbd7 9. d4 Rb8 10. Nbd2 b6 11. Qa4 Bb7 12. Qxa7 Qc8 13. Qa3 Re8 14. Qd3 e5 15.
Qc2 e4 16. Ng5 e3 17. Bxb7 Qxb7 18. fxe3 Rxe3 19. Rfe1 Rbe8 20. Ndf3 h6 21. Nh3
g5 22. Nf2 Ne4 23. Ng4 Nxg3 24. Nxe3 Rxe3 25. hxg3 g4 26. Kf2 Re6 27. d5 Bxb2
28. dxe6 Bf6 29. exd7 gxf3 30. exf3 Bd4+ 31. Kg2 Bf6 32. Re8+ {Black resigns}
1-0

[Event "Team 45 45 League T37"]
[Site "Internet Chess Club"]
[Date "2008.06.27"]
[Round "10"]
[White "Visin"]
[Black "cysk"]
[Result "1-0"]
[WhiteElo "1297"]
[BlackElo "1446"]
[Opening "English: Carls' Bremen system"]
[ECO "A22"]
[Time "14:38:33"]
[TimeControl "2700+45"]

1. c4 e5 2. Nc3 Nf6 3. g3 Nc6 4. Bg2 Bb4 5. e3 O-O 6. Nge2 Ne7 7. a3 Bc5 8. b4
Bxe3 9. dxe3 c6 10. e4 b6 11. Bg5 Ng6 12. O-O h6 13. Bxf6 Qxf6 14. Rc1 Rd8 15.
Qd2 a5 16. f4 axb4 17. axb4 exf4 18. Nxf4 Nxf4 19. Rxf4 Qe7 20. b5 Qc5+ 21. Qf2
Qxf2+ 22. Rxf2 cxb5 23. Nxb5 Bb7 24. Nd6 Bc6 25. Nxf7 Rf8 26. Nd6 Rxf2 27. Kxf2
Ra2+ 28. Kg1 Rd2 29. Nc8 Kf7 30. Nxb6 Rd4 31. e5 Bxg2 32. Kxg2 Ke6 33. Re1 Rd2+
34. Kh3 Rd4 35. Re2 h5 36. Kg2 g5 37. h3 Kf5 38. Kf3 Rd3+ 39. Re3 Rd4 40. g4+
hxg4+ 41. hxg4+ Rxg4 42. Nxd7 Rxc4 43. e6 Rc8 44. Re5+ Kg6 45. Kg4 Rc4+ 46. Kf3
Rc3+ 47. Re3 Rc8 48. e7 Kf7 49. Nf6 Kxf6 50. e8=Q Rxe8 51. Rxe8 Kf5 52. Rg8 Kf6
53. Kg4 {Black resigns} 1-0

[Event "Team 45 45 League T37"]
[Site "Internet Chess Club"]
[Date "2008.06.30"]
[Round "10"]
[White "MrSlippery"]
[Black "Dalcon"]
[Result "0-1"]
[WhiteElo "1259"]
[BlackElo "1262"]
[Opening "Modern defense"]
[ECO "A10"]
[Time "16:00:49"]
[TimeControl "2700+45"]

1. c4 g6 2. Nc3 Bg7 3. d4 d6 4. g3 Nf6 5. Bg2 O-O 6. e3 c6 7. b4 e5 8. d5 cxd5
9. Nxd5 Nxd5 10. Bxd5 Nc6 11. Rb1 Ne7 12. e4 Nxd5 13. exd5 a6 14. Ba3 b5 15. c5
Qd7 16. c6 Qg4 17. f3 Qc4 18. Rb3 Bf5 19. Qd2 Qc2 20. Qxc2 Bxc2 21. Rc3 Bb1 22.
c7 Bxa2 23. Rc6 Rfc8 24. f4 Bxd5 25. Rxd6 Bxh1 26. Rd7 exf4 27. Bc1 Be5 28. Bxf4
Bxf4 29. gxf4 Kf8 30. Ne2 Bc6 {White resigns} 0-1